 Dungeon Crawl Stone Soup version 0.30-a0-916-g9813417 (webtiles) character file.

Game seed: 6781173499125459905

1883301 Think the Acrobat (level 27, 219/229 HPs)
             Began as an Octopode Fighter on Mar 23, 2023.
             Was the Champion of Jiyva.
             Escaped with the Orb
             ... and 3 runes on Mar 24, 2023!
             The game lasted 10:00:51 (54814 turns).

Think the Acrobat (Octopode Fighter)               Turns: 54814, Time: 10:00:52

Health: 219/229    AC: 11    Str: 22    XL:     27
Magic:  33/33      EV: 50    Int: 12    God:    Jiyva [******]
Gold:   4302       SH: 23    Dex: 38    Spells: 6/32 levels left

rFire   + + .      SeeInvis +    E - +7 double sword (protect)
rCold   + + +      Faith    .    N - +2 shield of Resistance {rF++ rC++ Will++}
rNeg    + . .      Spirit   .    y - amulet of regeneration
rPois   +          Reflect  .    h - +6 ring of dexterity
rElec   +          Rampage  .    P - ring of Taocoll {rF+ Int+3}
rCorr   +          Clarity  +    k - +4 ring of slaying
Will    +++++                    T - ring "Liuqech" {Wiz rN+}
Stlth   ++                       l - ring of Sophism {AC+4 Str+5}
HPRegen 2.98/turn                O - ring of Divine Compulsion {Will+ Str+3}
MPRegen 0.73/turn                o - +4 ring of protection
                                 S - ring "Neuguth" {Wiz rC+ SInv}

@: studying Maces & Flails
A: almost no armour, amphibious, 8 rings, camouflage 1, gelatinous body 3,
(nimble swimmer 1), tentacles, antennae 3, tentacle spike 1, agile 2, clarity,
cold resistance 3, high MP 2, mutation resistance 1, poison resistance, robust
1, screaming 1, electricity resistance, wild magic 1, tendrils, jelly absorbing
missiles, heat vulnerability 1, MP-powered wands, engulf
0: Orb of Zot
}: 3/15 runes: decaying, serpentine, slimy
a: Renounce Religion, Oozemancy, Slimify


You escaped.
You worshipped Jiyva.
Jiyva was exalted by your worship.
You visited 11 branches of the dungeon, and saw 54 of its levels.
You visited 1 bazaar.
You also visited: Wizlab and Desolation.

You collected 6495 gold pieces.
You spent 2193 gold pieces at shops.

Inventory:

Hand Weapons
 r - a +4 scimitar of flaming
 u - a +3 demon blade of flaming
 E - a +7 double sword of protection (weapon)
Missiles
 n - a silver javelin (quivered)
Armour
 N - the +2 shield of Resistance (worn) {rF++ rC++ Will++}
   (You found it in the Desolation of Salt)

   rF:        It greatly protects you from fire.
   rC:        It greatly protects you from cold.
   Will:      It greatly increases your willpower.
Jewellery
 e - an amulet of reflection
 h - a +6 ring of dexterity (left tentacle)
 j - a +6 ring of intelligence
 k - a +4 ring of slaying (on tentacle)
 l - the ring of Sophism (on tentacle) {AC+4 Str+5}
   (You took it off a deep elf sorcerer on level 3 of the Elven Halls)

   [ring of protection]

   AC:        It affects your AC (+4).
   Str:       It affects your strength (+5).
 o - a +4 ring of protection (on tentacle)
 p - a ring of magical power
 y - an amulet of regeneration (around mantle)
 C - the amulet of the Four Winds {rN+ Will+++ Clar}
   (You found it on level 2 of the Depths)

   [amulet of nothing]

   rN:        It protects you from negative energy.
   Clar:      It protects you against confusion.
   Will:      It greatly increases your willpower.
 H - the ring of Erph {Fire rElec Dex+3}
   (You took it off a deep elf demonologist on level 3 of the Elven Halls)

   [ring of fire]

   It enhances your fire magic.
   Dex:       It affects your dexterity (+3).
   rF:        It protects you from fire.
   rC:        It makes you vulnerable to cold.
   rElec:     It insulates you from electricity.
 L - the amulet "Tiabelaesa" {Acrobat +Blink rElec MP+9 Dex+3}
   (You took it off a deep elf pyromancer on level 3 of the Elven Halls)

   [amulet of the acrobat]

   It increases your evasion while moving and waiting.
   Dex:       It affects your dexterity (+3).
   rElec:     It insulates you from electricity.
   MP:        It affects your magic capacity (+9).
   +Blink:    It lets you blink.
 O - the ring of Divine Compulsion (on tentacle) {Will+ Str+3}
   (You found it in the Desolation of Salt)

   [ring of willpower]

   Str:       It affects your strength (+3).
   Will:      It increases your willpower.
 P - the ring of Taocoll (right tentacle) {rF+ Int+3}
   (You took it off a ragged hierophant in the Desolation of Salt)

   [ring of protection from fire]

   Int:       It affects your intelligence (+3).
   rF:        It protects you from fire.
 S - the ring "Neuguth" (on tentacle) {Wiz rC+ SInv}
   (You took it off a servant of whispers in the Desolation of Salt)

   [ring of wizardry]

   It improves your spell success rate.
   rC:        It protects you from cold.
   SInv:      It lets you see invisible.
 T - the ring "Liuqech" (on tentacle) {Wiz rN+}
   (You took it off a deep elf high priest on level 3 of the Elven Halls)

   [ring of wizardry]

   It improves your spell success rate.
   rN:        It protects you from negative energy.
Wands
 a - a wand of iceblast (8)
 m - a wand of mindburst (41)
 q - a wand of polymorph (8)
 D - a wand of acid (11)
 M - a wand of charming (10)
 V - a wand of flame (18)
Scrolls
 b - 2 scrolls of brand weapon
 d - 3 scrolls of fear
 f - a scroll of amnesia
 g - 2 scrolls of magic mapping
 i - 7 scrolls of teleportation
 v - a scroll of blinking
 z - 2 scrolls of immolation
 A - 7 scrolls of vulnerability
 F - 12 scrolls of identify
 J - 2 scrolls of enchant armour
 R - a scroll of silence
 X - 2 scrolls of poison
Potions
 c - 5 potions of mutation
 s - 6 potions of ambrosia
 t - 2 potions of brilliance
 w - 5 potions of flight
 x - a potion of heal wounds
 I - 2 potions of might
 K - 8 potions of curing
 Q - a potion of resistance
 U - a potion of cancellation
 W - a potion of magic
 Z - 6 potions of haste
Miscellaneous
 B - a phantom mirror


   Skills:
 + Level 22.5 Fighting
 - Level 18.0 Long Blades
 + Level 23.8 Dodging
 + Level 22.4 Shields
 - Level 3.0 Spellcasting
 - Level 8.0 Conjurations
 - Level 10.0 Translocations
 - Level 14.0 Transmutations
 - Level 10.0 Air Magic
 - Level 14.0 Earth Magic
 - Level 1.0 Evocations


You had 6 spell levels left.
You knew the following spells:

 Your Spells              Type           Power      Damage    Failure   Level
a - Iron Shot             Conj/Erth      18%        9d4       17%         6
b - Manifold Assault      Tloc           33%        N/A       2%          4
c - Statue Form           Tmut/Erth      30%        N/A       5%          6
d - Lee's Rapid Deconstr  Erth           23%        3d13*     1%          5
e - Swiftness             Air            33%        N/A       1%          3
f - Blink                 Tloc           66%        N/A       1%          2

Your spell library contained the following spells:

 Spells                   Type           Power      Damage    Failure   Level
 Apportation              Tloc           66%        N/A       1%          1
 Beastly Appendage        Tmut           92%        N/A       1%          1
 Magic Dart               Conj           100%       1d8       1%          1
 Shock                    Conj/Air       100%       1d9       1%          1
 Sting                    Tmut/Pois      96%        1d7       1%          1
 Lesser Beckoning         Tloc           66%        N/A       1%          2
 Momentum Strike          Conj/Tloc      60%        3d9       1%          2
 Passwall                 Tmut/Erth      38%        N/A       1%          2
 Wereblood                Tmut           46%        N/A       1%          2
 Stone Arrow              Conj/Erth      72%        3d11      1%          3
 Vhi's Electric Charge    Tloc/Air       66%        N/A       1%          3
 Blade Hands              Tmut           23%        N/A       1%          5
 Kiss of Death            Conj/Necr      56%        2d9       2%          1
 Poisonous Vapours        Pois/Air       34%        N/A       2%          2
 Airstrike                Air            16%        2d(3-19)  2%          4
 Passage of Golubria      Tloc           33%        N/A       2%          4
 Mephitic Cloud           Conj/Pois/Air  21%        N/A       3%          3
 Iskenderun's Mystic Bla  Conj/Tloc      30%        2d8       3%          4
 Cigotuvi's Dreadful Rot  Necr/Pois/Air  24%        N/A       4%          2
 Portal Projectile        Hex/Tloc       34%        N/A       4%          3
 Dazzling Flash           Conj/Hex       28%        N/A       7%          3
 Hailstorm                Conj/Ice       14%        3d5       7%          3
 Ice Form                 Ice/Tmut       24%        N/A       7%          4
 Leda's Liquefaction      Hex/Erth       12%        N/A       7%          4
 Freeze                   Ice            8%         1d3       11%         1
 Necrotise                Necr           8%         1d4       11%         1
 Summon Small Mammal      Summ           8%         N/A       11%         1
 Iskenderun's Battlesphe  Conj           27%        2d8       11%         5
 Call Imp                 Summ           2%         N/A       16%         2
 Scorch                   Fire           4%         2d5       16%         2
 Alistair's Intoxication  Tmut/Pois      16%        N/A       16%         5
 Borgnjor's Vile Clutch   Necr/Erth      12%        N/A       16%         5
 Yara's Violent Unravell  Hex/Tmut       12%        3d7       16%         5
 Fulminant Prism          Conj/Hex       7%         3d7       19%         4
 Sticky Flame             Conj/Fire      14%        2d4       19%         4
 Freezing Cloud           Conj/Ice/Air   10%        6-21      22%         5
 Call Canine Familiar     Summ           2%         N/A       28%         3
 Confusing Touch          Hex            2%         N/A       28%         3
 Frozen Ramparts          Ice            4%         1d1       28%         3
 Inner Flame              Hex/Fire       2%         N/A       28%         3
 Ozocubu's Armour         Ice            2%         N/A       28%         3
 Summon Guardian Golem    Hex/Summ       2%         N/A       28%         3
 Tukima's Dance           Hex            2%         N/A       28%         3
 Silence                  Hex/Air        8%         N/A       32%         5
 Conjure Ball Lightning   Conj/Air       15%        3x3d6     34%         6
 Fireball                 Conj/Fire      7%         3d5       43%         5
 Eringya's Noxious Bog    Tmut/Pois      12%        N/A       58%         6
 Animate Dead             Necr           2%         N/A       63%         4
 Cause Fear               Hex            1%         N/A       63%         4
 Olgreb's Toxic Radiance  Pois           2%         N/A       63%         4
 Summon Ice Beast         Ice/Summ       2%         N/A       63%         4
 Agony                    Necr           2%         N/A       90%         5
 Summon Mana Viper        Hex/Summ       2%         N/A       90%         5
 Death Channel            Necr           1%         N/A       100%        6
 Simulacrum               Ice/Necr       1%         N/A       100%        6
 Summon Cactus Giant      Summ           1%         N/A       100%        6
 Storm Form               Tmut/Air       19%        N/A       47%         7
 Orb of Destruction       Conj           13%        9d7       92%         7
 Lehudib's Crystal Spear  Conj/Erth      18%        10d5      99%         8
 Haunt                    Necr/Summ      1%         N/A       100%        7
 Monstrous Menagerie      Summ           1%         N/A       100%        7
 Ozocubu's Refrigeration  Ice            1%         4d7       100%        7
 Spellforged Servitor     Conj/Summ      7%         N/A       100%        7
 Summon Hydra             Summ           1%         N/A       100%        7
 Discord                  Hex            1%         N/A       100%        8
 Infestation              Necr           1%         N/A       100%        8
 Necromutation            Tmut/Necr      12%        N/A       100%        8
 Dragon's Call            Summ           1%         N/A       100%        9
 Polar Vortex             Ice            1%         N/A       100%        9
 Animate Armour           Summ/Erth      Unusable   N/A       N/A         4

Dungeon Overview and Level Annotations

Branches:
Dungeon (15/15)            Temple (0/1) D:6            Lair (5/5) D:11
  Swamp (4/4) Lair:3        Snake (4/4) Lair:3        Slime (5/5) Lair:5
    Orc (2/2) D:10            Elf (3/3) Orc:2        Vaults (4/5) D:13
  Crypt (3/3) Vaults:3       Tomb (0/3) Crypt:3      Depths (4/4) D:15
    Zot (5/5) Depths:4     WizLab (visited)         Desolation (visited)

Altars:
Ashenzari
Cheibriados
Dithmenos
Gozag
Hepliaklqana
Nemelex Xobeh
Qazlal
Sif Muna
Trog
Uskayaw
Wu Jian
Xom
Yredelemnul
The Shining One
Jiyva

Shops:
D:2 [   Orc:2 =?((*?   Snake:1 !*[   Snake:4 *   Vaults:1 =   Vaults:2 [
Depths:4 =:=

Portals:
Hell: Depths:1 Depths:2 Depths:3 Depths:4
Abyss: Depths:1 Depths:3
Pandemonium: Depths:2
Ziggurat: Depths:4
Trove: Depths:2 (give horn of Geryon)

Annotations:
D:3 Grinder
D:4 1 runed translucent door, Crazy Yiuf
Slime:5 Royal Jelly
Orc:1 2 transporters
Elf:1 6 runed translucent doors
Crypt:1 3 runed translucent doors, exclusion: obsidian statue, Vuzen's ghost, veteran FoFi


Innate Abilities, Weirdness & Mutations

You cannot wear most types of armour.
You are amphibious.
You can wear up to eight rings at the same time.
Your skin changes colour to match your surroundings (Stealth+).
Your gelatinous body deflects attacks. (AC +3, EV +3)
((You are camouflaged when in or above water. (Stealth+)))
You have tentacles for arms and can constrict up to eight enemies at once.
You have a pair of large antennae on your head. (SInv)
One of your tentacles bears a spike.
You are very agile. (Dex +8, Str/Int -2)
You possess an exceptional clarity of mind.
Your flesh is almost immune to the effects of cold. (rC+++)
You have a considerably increased reservoir of magic. (+20% MP)
You are somewhat resistant to further mutation.
Your system is resistant to poisons. (rPois)
You are robust. (+10% HP)
You occasionally shout uncontrollably at your foes.
You are resistant to electric shocks. (rElec)
Your spells are a little harder to cast, but a little more powerful.
You are covered in slimy tendrils that may disarm your opponents.
You have a small jelly attached to you that may absorb projectiles.
You are vulnerable to heat. (rF-)
You expend magic power (3 MP) to strengthen your wands.
Your melee attacks may engulf your foes in ooze.


Message History

The soul eater begins absorbing vital energies!
The demonspawn black sun begins absorbing vital energies!
The soul eater draws from the surrounding life force!
You start to feel a little slower.
You feel sluggish.
You start to feel a little faster.
You no longer feel sluggish.
The demonspawn black sun prays to Kikubaaqudgha.
The demonspawn black sun begins absorbing vital energies! x2
Okay, then.
Casting: Swiftness (safe; 1% risk of failure)
Confirm with . or Enter, or press ? or * to list all spells.
You feel quick.
You start to feel a little slower.
You feel sluggish.
An efreet comes into view.
It is wielding a +2 scimitar of flaming.
The efreet attacks as you move away! You block the efreet's attack.
You start to feel a little faster.
The efreet gestures at you. The bolt of fire misses you.
You block the efreet's attack.
You no longer feel sluggish.
The efreet gestures at you.
The fireball explodes!
The fireball engulfs you but does no damage.
The efreet gestures at you.
The fireball explodes!
The fireball engulfs you. You resist. The efreet gestures at you.
The bolt of fire misses you.
A hellion comes into view.
The hellion gives a hideous shriek!
The demonspawn black sun is engulfed in blazing flames.
The hellion gestures at you.
The sphere of damnation explodes!
The damnation engulfs you!
The demonspawn black sun is engulfed in blazing flames.
Okay, then.
Blink to where?
Press: ? - help, Dir - move target
As you read the scroll of blinking, it crumbles to dust.
You have escaped!

##########.# #.....###.)
#########.# #####......
#.......6.# #####..
#.##########################
##.####.....................#
#....##...8...8.............#
#....##...4......#########..#
#.6..##.⌠1.....⌠.#≈≈≈≈≈≈≈#...
#....##.....@....#S≈≈≈≈≈≈#...
#....##.⌠..&.2.⌠.#≈≈≈≈≈≈≈#...
#.6..##..........#########..#
##.####...8...8...R☼○○6.°...#
#.# #................6)...#
#.##########################
#....6..........6........# #
########################.###
#....


You could see Vuddilet, a Tzitzimitl (wandering), a hellion, an efreet, a chaos
spawn (wandering) and an electric eel.

Vanquished Creatures
  A dread lich (Zot:5)
  4 orbs of fire (Zot:5)
  Mara (Depths:1)
  2 juggernauts
  11 Killer Klowns (Zot:5)
  Vashnia (Snake:4)
  Bai Suzhen (Swamp:3)
  A caustic shrike (Depths:2)
  A curse toe (Zot:4)
  12 golden dragons
  Nikola (Swamp:2)
  A profane servitor (Depths:3)
  4 electric golems
  Zenata (Vaults:3)
  25 tentacled monstrosities
  Rupert (Lair:3)
  Jorgrun (D:14)
  A walking earthen tome (Depths:2)
  8 quicksilver dragons
  3 liches
  26 Orb Guardians
  3 deep elf blademasters
  2 titans (Depths:3)
  5 sphinxes
  3 deep elf master archers
  A walking divine tome (Depths:3)
  Frances (Swamp:1)
  4 ancient champions
  15 death cobs
  Kirke (Elf:1)
  4 thorn hunters
  11 draconian monks
  Roxanne (Snake:4)
  4 tengu reavers
  11 shadow dragons
  Donald (Vaults:3)
  11 storm dragons
  3 fenstrider witches (WizLab)
  2 revenants (Crypt:1)
  4 nagarajas
  8 fire giants
  7 vault wardens
  Aizul (Snake:3)
  3 draconian knights
  2 iron dragons
  7 frost giants
  A balrug (Depths:3)
  5 ghost moths
  An imperial myrmidon (Desolation)
  5 deep elf sorcerers (Elf:3)
  5 draconian scorchers
  2 deep elf elementalists (Elf:3)
  8 ghouls (Crypt:2)
  A curse skull (Crypt:3)
  A juggernaut zombie (Crypt:3)
  An orc warlord (Vaults:4)
  9 ironbound preservers
  2 reapers
  A spriggan defender (Depths:2)
  2 war gargoyles
  3 draconian annihilators
  2 draconian shifters (Zot:5)
  2 caustic shrike skeletons
  5 draconian stormcallers
  6 stone giants
  23 very ugly things
  11 ironbound thunderhulks
  2 eleionomae (WizLab)
  2 grey draconians (Depths:4)
  17 vampire knights
  8 black draconians
  11 green draconians
  Azrael (D:15)
  5 bunyips
  8 deep elf demonologists
  7 white draconians
  6 deep elf annihilators
  17 red draconians
  3 dire elephants (Vaults:1)
  5 eidola
  14 purple draconians
  3 halazid warlocks (Desolation)
  13 yellow draconians
  9 spark wasps
  8 ettins
  Josephine (D:15)
  A blizzard demon (Depths:3)
  2 crystal guardians
  5 deep elf death magi
  An acid blob zombie (Crypt:2)
  21 jiangshi
  18 fire dragons
  6 shambling mangroves
  3 entropy weavers
  13 ragged hierophants (Desolation)
  A quicksilver dragon zombie (Crypt:3)
  8 vault guards
  2 salamander tyrants
  8 yaktaur captains
  2 rakshasas
  A hell beast (Depths:3)
  12 peacekeepers
  12 deep elf high priests
  An ogre mage (D:15)
  22 hydras
  4 ghost crabs
  11 servants of whispers (Desolation)
  9 ice dragons
  11 spriggan air magi
  7 alligators
  4 anacondas
  7 two-headed ogres
  13 centaur warriors
  18 tengu warriors
  7 boulder beetles
  9 ironbound frosthearts
  3 death knights
  10 naga warriors
  2 satyrs (WizLab)
  9 deep troll shamans
  40 dancing weapons
  2 hell hogs (Depths:3)
  10 spriggan berserkers
  9 deep troll earth magi
  18 naga sharpshooters
  A titan zombie (Crypt:3)
  14 vampire magi
  6 shock serpents
  26 deep elf knights
  4 orc high priests (Orc:2)
  5 soul eaters
  10 iron trolls
  2 salamander mystics
  A hell knight (Depths:1)
  A storm dragon zombie (Crypt:3)
  4 sun demons
  2 quicksilver dragon simulacra (Depths:3)
  A skyshark (Lair:5)
  4 golden dragon zombies (Crypt:3)
  5 shadow wraiths
  11 skeletal warriors
  9 goliath frogs
  A bunyip zombie (Crypt:2)
  6 lindwurms
  A spriggan simulacrum (Snake:1)
  5 flayed ghosts
  44 deep trolls
  9 bog bodies
  14 swamp dragons
  4 spriggan druids
  A golden dragon skeleton (Crypt:2)
  19 deep elf archers
  6 naga ritualists
  30 deep elf pyromancers
  9 phantasmal warriors
  12 ironbound convokers
  5 harpies (Vaults:2)
  8 wizards
  8 orc knights
  6 necromancers
  31 deep elf zephyrmancers
  An oklob plant (WizLab)
  The ghost of Taxman66 the Chiller, a novice DsIE (D:4)
  33 ugly things
  6 will-o-the-wisps
  14 salamanders
  5 orc sorcerers
  5 fauns (WizLab)
  3 cyclopes
  A moth of wrath (shapeshifter) (Elf:1)
  A tengu skeleton (Vaults:3)
  The ghost of Caerwyn the Frost Mage, a novice DsIE (D:6)
  8 mana vipers
  8 large abominations (Depths:1)
  21 moths of wrath
  A stone giant skeleton (D:15)
  An ice statue (Depths:3)
  16 naga magi
  An alligator snapping turtle zombie (Crypt:3)
  4 elephants (Lair:4)
  9 guardian serpents
  19 black mambas
  13 vault sentinels
  A torpor snail (Lair:1)
  2 molten gargoyles (Desolation)
  A black draconian zombie (Crypt:1)
  A gargoyle (D:14)
  2 kobold demonologists (D:10)
  5 unseen horrors
  Maggie (Lair:2)
  6 rime drakes
  11 komodo dragons
  9 cane toads
  2 tengu conjurers (Depths:3)
  33 yaktaurs
  An efreet (Zot:1)
  5 freezing wraiths
  A bunyip simulacrum (Crypt:2)
  4 guardian mummies (Crypt:3)
  An alligator snapping turtle skeleton (Crypt:1)
  An ice devil (Depths:2)
  3 harpy zombies
  7 trolls
  7 polar bears
  6 tyrant leeches
  A hydra zombie (Crypt:3)
  Prince Ribbit (D:6)
  71 saltlings (Desolation)
  22 hornets
  A radroach zombie (Crypt:2)
  9 dream sheep
  9 blink frogs
  A stone giant simulacrum (Crypt:2)
  A centaur simulacrum (Crypt:2)
  A satyr skeleton (Crypt:2)
  A spriggan skeleton (D:15)
  20 vampires
  A shadow (D:9)
  A black mamba zombie (Crypt:3)
  An ettin zombie (Vaults:3)
  3 air elementals (Elf:2)
  An alligator skeleton (Crypt:3)
  28 spriggans
  A water elemental (Elf:1)
  Eustachio (D:6)
  8 wraiths
  2 hogs (Elf:1)
  4 basilisks
  3 dire elephant simulacra (Snake:1)
  5 humans (D:13)
  7 wyverns
  44 yaks
  2 steam dragons
  A minotaur simulacrum (Snake:1)
  19 vampire mosquitoes
  27 fire elementals
  2 chaos spawn (Depths:1)
  A harpy simulacrum (Snake:1)
  A glowing shapeshifter zombie (Crypt:2)
  A merfolk zombie (Crypt:1)
  2 wargs (Orc:1)
  13 swamp worms
  A demonspawn zombie (Crypt:2)
  45 nagas
  An acid dragon (D:14)
  A skyshark zombie (Crypt:1)
  3 hell hounds
  A hydra simulacrum (Crypt:2)
  27 orc warriors
  8 swamp drakes
  7 water moccasins
  A glowing shapeshifter skeleton (D:15)
  2 hornet zombies (D:7)
  An ice beast (D:5)
  2 human zombies (Vaults:3)
  3 sky beasts
  2 black bears (Lair:5)
  3 boggarts (Lair:5)
  6 ogres
  A dream sheep skeleton (Crypt:2)
  6 ettin simulacra
  21 wolves
  A phantom (D:5)
  6 centaurs
  2 kobold brigands
  2 earth elementals (Elf:1)
  3 necrophages (Crypt:2)
  4 scorpions
  A wyvern zombie (Crypt:1)
  A rime drake skeleton (Crypt:2)
  16 bullfrogs
  2 deep troll simulacra (Snake:1)
  A water moccasin zombie (D:7)
  2 human skeletons
  4 wights (D:8)
  A cyclops skeleton (Crypt:3)
  3 small abominations (Depths:1)
  6 killer bees (D:11)
  A troll skeleton (Crypt:2)
  A polar bear skeleton (Crypt:3)
  5 howler monkeys
  4 electric eels (D:11)
  3 centaur zombies
  3 hounds (D:11)
  A jelly (D:4)
  19 orc priests
  2 gnoll boudas
  Jessica (D:3)
  3 iguanas
  31 orc wizards
  4 hell rats
  A killer bee zombie (D:7)
  A naga zombie (Crypt:3)
  An ogre skeleton (Crypt:1)
  A howler monkey zombie (Crypt:3)
  2 gnolls
  5 adders
  A shadow imp (D:6)
  2 white imps
  A worm (D:2)
  2 dart slugs (D:1)
  60 orcs
  5 ball pythons
  A bat zombie (Crypt:3)
  7 endoplasms
  3 giant cockroaches
  4 goblins
  4 hobgoblins
  8 jackals
  10 kobolds
  2 quokkas
  6 bats
  2 frilled lizards
  A giant cockroach zombie (Crypt:3)
  5 rats
2134 creatures vanquished.

Vanquished Creatures (collateral kills)
  A deep elf sorcerer (Elf:3)
  A vault warden (Vaults:3)
  2 vault guards
  A shadow wraith (D:14)
  A fire crab (shapeshifter) (D:13)
  An ironbound convoker (Vaults:3)
  A wizard (Vaults:3)
  An orc sorcerer (Orc:2)
  A cyclops (D:14)
  2 manticores
  A gargoyle (D:11)
  An efreet (D:14)
  A troll (Orc:1)
  A human (D:13)
  A swamp drake (Swamp:2)
  An orc warrior (Orc:2)
  An ogre (Orc:2)
  2 orc priests
  2 orcs (Orc:2)
23 creatures vanquished.

Vanquished Creatures (others)
  A caustic shrike zombie (Depths:1)
  6 great orbs of eyes
  A fire dragon (Depths:2)
  A yaktaur captain (Vaults:4)
  A vault guard (D:13)
  A centaur warrior (Vaults:3)
  An anaconda (Snake:1)
  An alligator (shapeshifter) (Depths:2)
  An orc high priest (Elf:1)
  A deep troll shaman (Depths:1)
  A two-headed ogre (D:12)
  An alligator (Swamp:2)
  A tengu warrior (Depths:1)
  A spriggan berserker (Depths:1)
  A spriggan (Swamp:2)
  A deep elf knight (Elf:2)
  A golden dragon zombie (Depths:1)
  A sea snake (shapeshifter) (Depths:2)
  2 deep trolls (shapeshifter)
  A bog body (Swamp:2)
  5 glowing orange brains
  A wizard (D:14)
  A deep elf zephyrmancer (Elf:2)
  A moth of wrath (shapeshifter) (Depths:2)
  A sphinx skeleton (Depths:1)
  A naga mage (Snake:4)
  2 vault sentinels (Vaults:3)
  An orange demon (Depths:4)
  An unseen horror (D:11)
  4 yaktaurs
  A tengu conjurer (Depths:3)
  4 bloated husks
  A hornet (Swamp:2)
  A tyrant leech (Swamp:4)
  25 slime creatures
  A culicivora (shapeshifter) (Elf:3)
  4 humans
  A wyvern (D:10)
  An acid dragon (D:12)
  5 nagas
  2 water moccasins
  3 orc warriors
  An ogre (D:2)
  A tengu (shapeshifter) (Vaults:3)
  A wolf (D:11)
  A necrophage (Crypt:2)
  2 bullfrogs
  426 jellies
  A centaur zombie (D:7)
  3 hounds (D:11)
  8 orc priests
  A quasit (D:10)
  7 orc wizards
  A howler monkey zombie (D:7)
  4 gnolls
  A shadow imp (D:7)
  2 white imps
  A jelly zombie (Crypt:3)
  A dart slug (D:6)
  30 orcs
  2 kobolds (D:11)
  3 briar patches (Swamp:2)
  33 foxfires
  74 fungi
  186 plants
  9 withered plants
892 creatures vanquished.

Grand Total: 3049 creatures vanquished

Notes
Turn   | Place    | Note
-------+----------+-------------------------------------------
     0 | D:1      | Think the Octopode Fighter began the quest for the Orb.
     0 | D:1      | Reached XP level 1. HP: 16/16 MP: 1/1
    17 | D:1      | Noticed an electric eel
    52 | D:1      | Reached XP level 2. HP: 14/21 MP: 2/2
   125 | D:1      | Got Sif Muna's Compilation of Moulding
   128 | D:1      | Learned a level 1 spell: Beastly Appendage
   319 | D:1      | Reached skill level 4 in Dodging
   386 | D:1      | Reached XP level 3. HP: 26/26 MP: 3/3
   852 | D:2      | Found a faded altar of an unknown god.
   935 | D:2      | Got the Spellbook of Bringing Forth and the Compass
   945 | D:2      | Found Zygusm's Armour Shop.
   965 | D:2      | Reached XP level 4. HP: 26/31 MP: 4/4
  1302 | D:3      | Noticed Jessica
  1304 | D:3      | Killed Jessica
  1305 | D:3      | Reached skill level 5 in Dodging
  1408 | D:3      | Noticed an ogre
  1612 | D:3      | Identified the +7 hand axe of Action {drain, +Blink rElec
                  | Int+2 Dex-4}
  1752 | D:3      | Noticed Grinder
  1754 | D:3      | Paralysed by Grinder for 4 turns
  1774 | D:4      | Reached XP level 5. HP: 36/36 MP: 5/5
  1816 | D:4      | Found a bloodstained altar of Trog.
  2030 | D:4      | Reached skill level 6 in Dodging
  2035 | D:4      | Reached XP level 6. HP: 10/42 MP: 6/6
  2295 | D:4      | Learned a level 3 spell: Vhi's Electric Charge
  2373 | D:4      | Found a large runed translucent door.
  2373 | D:4      | Found a large runed translucent door.
  2381 | D:4      | Reached skill level 7 in Dodging
  2389 | D:4      | Noticed Taxman66's ghost (novice DsIE)
  2430 | D:4      | Found a runed translucent door.
  2431 | D:4      | Noticed Crazy Yiuf
  2541 | D:4      | Found a hazy altar of Hepliaklqana.
  2542 | D:4      | Found a faded altar of an unknown god.
  2616 | D:4      | Prayed at the altar of an unknown god.
  2616 | D:4      | Became a worshipper of Jiyva Jouvennu the Shapeless
  2616 | D:4      | Reached * piety under Jiyva
  2787 | D:5      | Entered Level 5 of the Dungeon
  2881 | D:5      | Reached XP level 7. HP: 35/46 MP: 7/7
  2962 | D:5      | Reached skill level 8 in Dodging
  3164 | D:5      | Found a shimmering altar of Xom.
  3170 | D:5      | Reached ** piety under Jiyva
  3424 | D:5      | Found a broken altar of Ashenzari.
  3425 | D:5      | Found a hide-covered altar of Uskayaw.
  3527 | D:5      | Reached skill level 5 in Long Blades
  3527 | D:5      | Reached XP level 8. HP: 46/52 MP: 8/8
  3696 | D:6      | Noticed Eustachio
  3705 | D:6      | Killed Eustachio
  3706 | D:6      | Noticed a hornet
  3725 | D:6      | Noticed Caerwyn's ghost (novice DsIE)
  3778 | D:6      | Found a staircase to the Ecumenical Temple.
  3833 | D:6      | Reached *** piety under Jiyva
  3888 | D:6      | Found an opulent altar of Gozag.
  3940 | D:6      | Noticed Prince Ribbit
  3949 | D:6      | Killed Prince Ribbit
  4029 | D:6      | Found a runed translucent gate.
  4029 | D:6      | Found a runed translucent gate.
  4031 | D:6      | Found a runed translucent gate.
  4269 | D:6      | Found a snail-covered altar of Cheibriados.
  4511 | D:7      | Gained mutation: Your pliable body absorbs attacks. (AC +2,
                  | EV +2) [Jiyva's grace]
  4511 | D:7      | Gained mutation: Your gelatinous body deflects attacks. (AC
                  | +3, EV +3) [Jiyva's grace]
  4511 | D:7      | Gained mutation: You have a small jelly attached to you
                  | that senses nearby items. [Jiyva's grace]
  4511 | D:7      | Gained mutation: One of your tentacles bears a spike.
                  | [Jiyva's grace]
  4570 | D:7      | Reached **** piety under Jiyva
  4624 | D:7      | Reached XP level 9. HP: 56/56 MP: 9/9
  4725 | D:7      | Found a basalt altar of Yredelemnul.
  5069 | D:7      | Reached skill level 10 in Long Blades
  5556 | D:8      | Reached XP level 10. HP: 63/63 MP: 10/10
  5829 | D:8      | Reached ***** piety under Jiyva
  6155 | D:8      | Lost mutation: One of your tentacles bears a spike. [potion
                  | of mutation]
  6155 | D:8      | Lost mutation: Your gelatinous body deflects attacks. (AC
                  | +3, EV +3) [potion of mutation]
  6155 | D:8      | Lost mutation: Your pliable body absorbs attacks. (AC +2,
                  | EV +2) [potion of mutation]
  6155 | D:8      | Gained mutation: You possess an exceptional clarity of
                  | mind. [potion of mutation]
  6155 | D:8      | Gained mutation: You are occasionally teleported next to
                  | monsters. [potion of mutation]
  6155 | D:8      | Gained mutation: You are weak. (Str -2) [potion of
                  | mutation]
  6155 | D:8      | Gained mutation: Your mind is acute. (Int +4, Str/Dex -1)
                  | [potion of mutation]
  6156 | D:8      | Lost mutation: You have a small jelly attached to you that
                  | senses nearby items. [potion of mutation]
  6156 | D:8      | Lost mutation: You possess an exceptional clarity of mind.
                  | [potion of mutation]
  6156 | D:8      | Lost mutation: You are occasionally teleported next to
                  | monsters. [potion of mutation]
  6156 | D:8      | Gained mutation: You are frail. (-10% HP) [potion of
                  | mutation]
  6179 | D:9      | Noticed a manticore
  6394 | D:9      | Lost mutation: You are frail. (-10% HP) [Jiyva's grace]
  6394 | D:9      | Lost mutation: You are weak. (Str -2) [Jiyva's grace]
  6394 | D:9      | Gained mutation: You have a small jelly attached to you
                  | that senses nearby items. [Jiyva's grace]
  6394 | D:9      | Gained mutation: Your melee attacks may engulf your foes in
                  | ooze. [Jiyva's grace]
  6394 | D:9      | Gained mutation: You have acidic saliva. [Jiyva's grace]
  6394 | D:9      | Gained mutation: Your pliable body absorbs attacks. (AC +2,
                  | EV +2) [Jiyva's grace]
  6431 | D:9      | Found a shadowy altar of Dithmenos.
  6898 | D:10     | Entered Level 10 of the Dungeon
  6960 | D:10     | Reached XP level 11. HP: 61/67 MP: 11/11
  7093 | D:10     | Reached skill level 1 in Transmutations
  7293 | D:10     | Learned a level 6 spell: Statue Form
  7463 | D:10     | Found a staircase to the Orcish Mines.
  7656 | D:11     | Noticed a two-headed ogre
  8094 | D:11     | Noticed a boulder beetle
  8126 | D:11     | Reached ****** piety under Jiyva
  8221 | D:11     | Lost mutation: You have acidic saliva. [Jiyva's grace]
  8221 | D:11     | Lost mutation: Your pliable body absorbs attacks. (AC +2,
                  | EV +2) [Jiyva's grace]
  8221 | D:11     | Gained mutation: Your spells are a little harder to cast,
                  | but a little more powerful. [Jiyva's grace]
  8221 | D:11     | Gained mutation: Your spells are harder to cast, but more
                  | powerful. [Jiyva's grace]
  8221 | D:11     | Gained mutation: Your spells are much harder to cast, but
                  | much more powerful. [Jiyva's grace]
  8221 | D:11     | Gained mutation: Your muscles are strong. (Str +4, Int/Dex
                  | -1) [Jiyva's grace]
  8277 | D:11     | Learned a level 1 spell: Sting
  8302 | D:11     | Killed a two-headed ogre
  8501 | Orc:1    | Entered Level 1 of the Orcish Mines
  8691 | D:11     | Killed a boulder beetle
  8692 | D:11     | Reached XP level 12. HP: 75/75 MP: 12/12
  8739 | D:11     | Found a staircase to the Lair.
  9444 | Orc:1    | Noticed Urug
  9733 | D:12     | Noticed a two-headed ogre
  9740 | D:12     | Killed a two-headed ogre
  9741 | D:12     | Reached skill level 5 in Shields
  9747 | D:12     | Reached skill level 5 in Fighting
  9747 | D:12     | Reached skill level 9 in Dodging
  9823 | D:12     | Killed a two-headed ogre
  9974 | D:12     | Identified the +3 mace of Equivalence {venom, rElec Str+4}
 10119 | D:12     | You fall into a shaft and drop 2 floors!
 10570 | D:13     | Noticed a centaur warrior
 10588 | D:13     | Killed a centaur warrior
 10652 | D:13     | Lost mutation: Your muscles are strong. (Str +4, Int/Dex
                  | -1) [Jiyva's grace]
 10652 | D:13     | Lost mutation: Your spells are much harder to cast, but
                  | much more powerful. [Jiyva's grace]
 10652 | D:13     | Lost mutation: Your spells are harder to cast, but more
                  | powerful. [Jiyva's grace]
 10652 | D:13     | Gained mutation: You are strong-willed. (Will+) [Jiyva's
                  | grace]
 10652 | D:13     | Gained mutation: You are highly strong-willed. (Will++)
                  | [Jiyva's grace]
 10652 | D:13     | Gained mutation: You are extremely strong-willed. (Will+++)
                  | [Jiyva's grace]
 10652 | D:13     | Gained mutation: You are robust. (+10% HP) [Jiyva's grace]
 10918 | D:13     | Noticed a vault guard
 10918 | D:13     | Noticed a vault guard
 10918 | D:13     | Noticed a vault guard
 10919 | D:13     | Noticed a vault guard
 10959 | D:13     | Reached skill level 5 in Transmutations
 11083 | D:13     | Noticed a seven-headed hydra
 11240 | D:13     | Killed a vault guard
 11351 | D:13     | Killed a vault guard
 11520 | Lair:1   | Entered Level 1 of the Lair of Beasts
 11576 | Lair:1   | Reached skill level 10 in Dodging
 11604 | Lair:1   | Reached XP level 13. HP: 81/93 MP: 13/13
 12345 | Lair:1   | Lost mutation: You are extremely strong-willed. (Will+++)
                  | [Jiyva's grace]
 12345 | Lair:1   | Lost mutation: Your melee attacks may engulf your foes in
                  | ooze. [Jiyva's grace]
 12345 | Lair:1   | Gained mutation: You are covered in slimy tendrils that may
                  | disarm your opponents. [Jiyva's grace]
 12345 | Lair:1   | Gained mutation: You are partially covered in iridescent
                  | scales. (AC +2) [Jiyva's grace]
 12345 | Lair:1   | Gained mutation: You are mostly covered in iridescent
                  | scales. (AC +4) [Jiyva's grace]
 12345 | Lair:1   | Gained mutation: You are completely covered in iridescent
                  | scales. (AC +6) [Jiyva's grace]
 12896 | Lair:2   | Noticed Maggie
 12907 | Lair:2   | Killed Maggie
 13296 | Lair:2   | Found a glowing golden altar of the Shining One.
 13580 | Lair:3   | Found a staircase to the Swamp.
 13637 | Lair:3   | Found a staircase to the Snake Pit.
 13639 | Lair:3   | Noticed Rupert
 13770 | Orc:1    | Slimified Urug
 13770 | Orc:1    | Urug changed into Urug the slime creature
 13770 | Orc:1    | Noticed Urug
 13928 | Orc:1    | Noticed an ettin
 13970 | Orc:1    | Killed Urug the slime creature
 14050 | Orc:1    | Slimified an ettin
 14050 | Orc:1    | an ettin changed into an acid blob
 14050 | Orc:1    | Noticed an acid blob
 14147 | Orc:1    | Found a transporter.
 14148 | Orc:1    | Found a transporter.
 14148 | Orc:1    | Found a transporter.
 14149 | Orc:1    | Found a sparkling altar of Nemelex Xobeh.
 14149 | Orc:1    | Noticed a juggernaut
 14155 | Orc:1    | Found a transporter.
 14156 | Orc:1    | Found a transporter.
 14157 | Orc:1    | Lost mutation: You are highly strong-willed. (Will++)
                  | [Jiyva's grace]
 14157 | Orc:1    | Gained mutation: You have hidden genetic potential.
                  | [Jiyva's grace]
 14157 | Orc:1    | Gained mutation: You have great hidden genetic potential.
                  | [Jiyva's grace]
 14157 | Orc:1    | Gained mutation: You have an increased reservoir of magic.
                  | (+10% MP) [Jiyva's grace]
 14157 | Orc:1    | Gained mutation: You have a considerably increased
                  | reservoir of magic. (+20% MP) [Jiyva's grace]
 14160 | Orc:1    | Found a transporter.
 14182 | Orc:1    | Reached skill level 11 in Dodging
 14331 | Orc:2    | Entered Level 2 of the Orcish Mines
 14375 | Orc:2    | Found Pokham's Jewellery Emporium.
 14381 | Orc:2    | Bought a +4 ring of protection for 576 gold pieces
 14728 | Orc:2    | Found Nalajuec's Antique Weapon Shoppe.
 15077 | Orc:2    | Reached XP level 14. HP: 80/104 MP: 16/16
 15108 | Orc:2    | Found Doseke Awum's Magic Scroll Shoppe.
 15108 | Orc:2    | Found Cehaal's Magic Scroll Shop.
 15110 | Orc:2    | Found Sisapare's Assorted Antiques.
 15110 | Orc:2    | Found Voip's Weapon Shop.
 15219 | Orc:2    | Found a staircase to the Elven Halls.
 15582 | Lair:3   | Found an ornate altar of the Wu Jian Council.
 15779 | Lair:3   | Killed Rupert
 16037 | Lair:4   | Lost mutation: You are completely covered in iridescent
                  | scales. (AC +6) [Jiyva's grace]
 16037 | Lair:4   | Lost mutation: You have a considerably increased reservoir
                  | of magic. (+20% MP) [Jiyva's grace]
 16037 | Lair:4   | Lost mutation: You are strong-willed. (Will+) [Jiyva's
                  | grace]
 16037 | Lair:4   | Gained mutation: One of your tentacles bears a spike.
                  | [Jiyva's grace]
 16037 | Lair:4   | Gained mutation: One of your tentacles bears a nasty spike.
                  | [Jiyva's grace]
 16037 | Lair:4   | Gained mutation: One of your tentacles bears a large
                  | vicious spike. [Jiyva's grace]
 16037 | Lair:4   | Gained mutation: You expend magic power (3 MP) to
                  | strengthen your wands. [Jiyva's grace]
 16238 | Lair:4   | Reached skill level 12 in Dodging
 16818 | Lair:5   | Entered Level 5 of the Lair of Beasts
 16840 | Lair:5   | Found a viscous altar of Jiyva.
 16840 | Lair:5   | Found a staircase to the Slime Pits.
 16887 | Lair:5   | Reached skill level 10 in Transmutations
 16904 | Lair:5   | Gained mutation: You are partially covered in large bone
                  | plates. (SH +4) [hidden potential]
 17372 | Lair:5   | Identified the +0 halberd of Butchery {drain, Str+4}
 17508 | Lair:5   | Reached skill level 1 in Earth Magic
 17671 | Lair:5   | Reached XP level 15. HP: 111/111 MP: 16/16
 18046 | D:13     | Lost mutation: You are mostly covered in iridescent scales.
                  | (AC +4) [Jiyva's grace]
 18046 | D:13     | Lost mutation: You are covered in slimy tendrils that may
                  | disarm your opponents. [Jiyva's grace]
 18046 | D:13     | Gained mutation: Your pliable body absorbs attacks. (AC +2,
                  | EV +2) [Jiyva's grace]
 18046 | D:13     | Gained mutation: Your gelatinous body deflects attacks. (AC
                  | +3, EV +3) [Jiyva's grace]
 18046 | D:13     | Gained mutation: Your spells are harder to cast, but more
                  | powerful. [Jiyva's grace]
 18046 | D:13     | Gained mutation: Your spells are much harder to cast, but
                  | much more powerful. [Jiyva's grace]
 18138 | D:13     | Found a gate to the Vaults.
 18337 | D:13     | Found a bloodstained altar of Trog.
 18592 | D:14     | Noticed Jorgrun
 18602 | D:14     | Killed Jorgrun
 18915 | D:15     | Entered Level 15 of the Dungeon
 18915 | D:15     | Noticed Josephine
 18941 | D:15     | Killed Josephine
 18948 | D:15     | Found a staircase to the Depths.
 18964 | D:15     | Reached skill level 5 in Earth Magic
 19037 | D:15     | Found a stormy altar of Qazlal.
 19071 | D:15     | Noticed Azrael
 19153 | D:15     | Gained mutation: You are agile. (Dex +4, Str/Int -1)
                  | [hidden potential]
 19153 | D:15     | Lost mutation: You have great hidden genetic potential.
                  | [hidden potential expressed]
 19181 | D:15     | Killed Azrael
 19564 | D:15     | Identified the +9 quarterstaff of Makhleb's Favour {heavy,
                  | rElec rN+}
 20191 | D:6      | Killed Caerwyn's ghost
 20365 | Snake:1  | Entered Level 1 of the Snake Pit
 20390 | Snake:1  | Noticed Asterion
 20433 | Snake:1  | Slimified Asterion
 20433 | Snake:1  | Asterion changed into Asterion the azure jelly
 20433 | Snake:1  | Noticed Asterion
 20535 | Swamp:1  | Entered Level 1 of the Swamp
 20692 | Swamp:1  | Lost mutation: One of your tentacles bears a large vicious
                  | spike. [Jiyva's grace]
 20692 | Swamp:1  | Lost mutation: Your mind is acute. (Int +4, Str/Dex -1)
                  | [Jiyva's grace]
 20692 | Swamp:1  | Lost mutation: You are robust. (+10% HP) [Jiyva's grace]
 20692 | Swamp:1  | Lost mutation: Your spells are much harder to cast, but
                  | much more powerful. [Jiyva's grace]
 20692 | Swamp:1  | Lost mutation: Your spells are harder to cast, but more
                  | powerful. [Jiyva's grace]
 20692 | Swamp:1  | Lost mutation: Your spells are a little harder to cast, but
                  | a little more powerful. [Jiyva's grace]
 20692 | Swamp:1  | Lost mutation: Your gelatinous body deflects attacks. (AC
                  | +3, EV +3) [Jiyva's grace]
 20692 | Swamp:1  | Gained mutation: Your flesh is cold resistant. (rC+)
                  | [Jiyva's grace]
 20692 | Swamp:1  | Gained mutation: Your flesh is very cold resistant. (rC++)
                  | [Jiyva's grace]
 20692 | Swamp:1  | Gained mutation: Your flesh is almost immune to the effects
                  | of cold. (rC+++) [Jiyva's grace]
 20692 | Swamp:1  | Gained mutation: You are strong-willed. (Will+) [Jiyva's
                  | grace]
 20763 | Swamp:1  | Reached skill level 10 in Earth Magic
 20848 | Swamp:1  | Noticed Frances
 20862 | Swamp:1  | Killed Frances
 21172 | Swamp:2  | Noticed a thorn hunter
 21270 | Snake:1  | Found Mieg's Distillery.
 21290 | Snake:1  | Reached XP level 16. HP: 108/108 MP: 17/17
 21378 | Snake:1  | Found Quogeujo's CLEARANCE SALE!.
 21530 | Snake:1  | Found Lasas's Antique Armour Shoppe.
 21620 | Snake:1  | Found a gateway to a bazaar.
 21629 | Bazaar   | Entered a bazaar
 21632 | Bazaar   | Found Agryposch's Jewellery Boutique.
 21633 | Bazaar   | Found Lunuekil's Assorted Antiques.
 21639 | Bazaar   | Found Agatroxt's Distillery.
 21639 | Bazaar   | Found Emeon's General Store.
 21686 | Bazaar   | Bought a scroll of acquirement for 364 gold pieces
 21686 | Bazaar   | Acquired 556 gold pieces
 22240 | Snake:2  | Noticed a nagaraja
 22247 | Snake:2  | Killed a nagaraja
 22399 | Snake:2  | Lost mutation: You are partially covered in large bone
                  | plates. (SH +4) [Jiyva's grace]
 22399 | Snake:2  | Lost mutation: Your flesh is almost immune to the effects
                  | of cold. (rC+++) [Jiyva's grace]
 22399 | Snake:2  | Lost mutation: Your pliable body absorbs attacks. (AC +2,
                  | EV +2) [Jiyva's grace]
 22399 | Snake:2  | Lost mutation: You expend magic power (3 MP) to strengthen
                  | your wands. [Jiyva's grace]
 22399 | Snake:2  | Gained mutation: Your mind is acute. (Int +4, Str/Dex -1)
                  | [Jiyva's grace]
 22399 | Snake:2  | Gained mutation: Your mind is very acute. (Int +8, Str/Dex
                  | -2) [Jiyva's grace]
 22399 | Snake:2  | Gained mutation: You passively dampen the noise of your
                  | surroundings. [Jiyva's grace]
 22399 | Snake:2  | Gained mutation: Your body has grown eyes which may confuse
                  | attackers. (Acc +3) [Jiyva's grace]
 22481 | Snake:2  | Gained mutation: Your flesh is heat resistant. (rF+)
                  | [hidden potential]
 22757 | Snake:3  | Identified the +7 long sword of Causality {chaos, Drain
                  | rElec rPois Int+3}
 23133 | Snake:3  | Reached skill level 10 in Shields
 23135 | Snake:3  | Reached skill level 10 in Fighting
 23395 | Snake:4  | Entered Level 4 of the Snake Pit
 23436 | Snake:4  | Reached skill level 13 in Dodging
 23472 | Snake:4  | Noticed a nagaraja
 23485 | Snake:4  | Killed a nagaraja
 23492 | Snake:4  | Noticed a nagaraja
 23499 | Snake:4  | Killed a nagaraja
 23518 | Snake:4  | Noticed a quicksilver dragon
 23518 | Snake:4  | Noticed a quicksilver dragon
 23519 | Snake:4  | Noticed a nagaraja
 23682 | Swamp:2  | Killed a thorn hunter
 23744 | Swamp:2  | Noticed Nikola
 23760 | Swamp:2  | Killed Nikola
 23761 | Swamp:2  | Reached XP level 17. HP: 116/116 MP: 18/18
 23773 | Swamp:2  | Noticed a tentacled monstrosity
 23778 | Swamp:2  | Killed a tentacled monstrosity
 24026 | Swamp:2  | Lost mutation: You are partially covered in iridescent
                  | scales. (AC +2) [Jiyva's grace]
 24026 | Swamp:2  | Lost mutation: You are strong-willed. (Will+) [Jiyva's
                  | grace]
 24026 | Swamp:2  | Lost mutation: You have hidden genetic potential. [Jiyva's
                  | grace]
 24026 | Swamp:2  | Gained mutation: Your body has grown many eyes which may
                  | confuse attackers. (Acc +5) [Jiyva's grace]
 24026 | Swamp:2  | Gained mutation: Your body is covered in eyes which may
                  | confuse attackers. (Acc +7, SInv) [Jiyva's grace]
 24026 | Swamp:2  | Gained mutation: You have acidic saliva. [Jiyva's grace]
 24026 | Swamp:2  | Gained mutation: One of your tentacles bears a large
                  | vicious spike. [Jiyva's grace]
 24359 | Swamp:3  | Noticed Bai Suzhen
 24377 | Swamp:3  | Killed Bai Suzhen
 24540 | Swamp:3  | Reached skill level 14 in Dodging
 24575 | Swamp:3  | Identified the +3 hand axe "Wuacem" {heavy, Drain rF+ Str+8
                  | Dex-3}
 24738 | Swamp:4  | Entered Level 4 of the Swamp
 25034 | Swamp:4  | Noticed a tentacled monstrosity
 25046 | Swamp:4  | Killed a tentacled monstrosity
 25100 | Swamp:4  | Reached XP level 18. HP: 127/127 MP: 19/19
 25318 | Swamp:4  | Got a decaying rune of Zot
 25536 | Orc:2    | Bought a scroll of brand weapon for 123 gold pieces
 25536 | Orc:2    | Bought a scroll of enchant weapon for 97 gold pieces
 25740 | Snake:4  | Noticed Roxanne
 25770 | Snake:4  | Killed Roxanne
 25771 | Snake:4  | Noticed Aizul
 25778 | Snake:4  | Noticed Vashnia
 25791 | Snake:3  | Killed Aizul
 25849 | Snake:4  | Killed Vashnia
 25858 | Snake:4  | Reached skill level 15 in Dodging
 25878 | Snake:4  | Learned a level 5 spell: Lee's Rapid Deconstruction
 26002 | Snake:4  | Found Eppul's Neck Hole.
 26163 | Snake:4  | Killed a quicksilver dragon
 26186 | Snake:4  | Lost mutation: Your flesh is very cold resistant. (rC++)
                  | [Jiyva's grace]
 26186 | Snake:4  | Lost mutation: You have acidic saliva. [Jiyva's grace]
 26186 | Snake:4  | Gained mutation: You expend magic power (3 MP) to
                  | strengthen your wands. [Jiyva's grace]
 26186 | Snake:4  | Gained mutation: You are strong-willed. (Will+) [Jiyva's
                  | grace]
 26186 | Snake:4  | Gained mutation: You are highly strong-willed. (Will++)
                  | [Jiyva's grace]
 26186 | Snake:4  | Gained mutation: You are extremely strong-willed. (Will+++)
                  | [Jiyva's grace]
 26248 | Snake:4  | Killed a quicksilver dragon
 26674 | Snake:4  | Got a serpentine rune of Zot
 27132 | Elf:1    | Entered Level 1 of the Elven Halls
 27201 | Orc:2    | Learned a level 6 spell: Iron Shot
 27261 | Elf:1    | Found a shimmering blue altar of Sif Muna.
 27294 | Elf:1    | Reached skill level 1 in Conjurations
 27554 | Elf:1    | Noticed Kirke
 27587 | Elf:1    | Killed Kirke
 27839 | Elf:1    | Identified the +2 leather armour "Dikono" {Regen+}
 27869 | Elf:1    | Identified the +6 dagger of Sunlight {speed, Will+ Int+3}
 27889 | Elf:1    | Reached XP level 19. HP: 135/135 MP: 20/20
 27900 | Elf:1    | Reached skill level 5 in Conjurations
 27916 | Elf:1    | Found a runed translucent gate.
 27916 | Elf:1    | Found a runed translucent gate.
 27916 | Elf:1    | Found a runed translucent gate.
 27916 | Elf:1    | Found a runed translucent gate.
 27916 | Elf:1    | Found a runed translucent gate.
 27918 | Elf:1    | Found a runed translucent gate.
 28101 | Elf:2    | Found a crumbling gateway.
 28190 | Elf:2    | Reached skill level 16 in Dodging
 28197 | Desolati | Entered the Desolation of Salt
 28239 | Desolati | Got the Octavo of Friendly Blasting
 28440 | Desolati | Lost mutation: One of your tentacles bears a large vicious
                  | spike. [Jiyva's grace]
 28440 | Desolati | Lost mutation: You are agile. (Dex +4, Str/Int -1) [Jiyva's
                  | grace]
 28440 | Desolati | Lost mutation: Your flesh is heat resistant. (rF+) [Jiyva's
                  | grace]
 28440 | Desolati | Lost mutation: You are extremely strong-willed. (Will+++)
                  | [Jiyva's grace]
 28440 | Desolati | Lost mutation: Your body is covered in eyes which may
                  | confuse attackers. (Acc +7, SInv) [Jiyva's grace]
 28440 | Desolati | Lost mutation: You expend magic power (3 MP) to strengthen
                  | your wands. [Jiyva's grace]
 28440 | Desolati | Gained mutation: You are somewhat resistant to further
                  | mutation. [Jiyva's grace]
 28440 | Desolati | Gained mutation: You are somewhat resistant to both further
                  | mutation and mutation removal. [Jiyva's grace]
 28440 | Desolati | Gained mutation: You are almost entirely resistant to
                  | further mutation and mutation removal. [Jiyva's grace]
 28440 | Desolati | Gained mutation: You expend magic power (3 MP) to
                  | strengthen your wands. [Jiyva's grace]
 28446 | Desolati | Identified the +6 long sword of Wazou {antimagic, *Slow rC+
                  | Str+4}
 28450 | Desolati | Got the Grimoire of Shaping and the Queen Bee
 28454 | Desolati | Got the Meditations on Bruises and the Graveyard
 28511 | Desolati | Identified the ring "Latwipueh" {Int+4 SInv}
 28520 | Desolati | Reached skill level 1 in Spellcasting
 28525 | Desolati | Found the +2 shield of Resistance {rF++ rC++ Will++}
 28611 | Desolati | Got the Precepts of Hypothermia and the Door
 28613 | Desolati | Identified the ring of Divine Compulsion {Will+ Str+3}
 28700 | Desolati | Identified the ring of Taocoll {rF+ Int+3}
 28849 | Desolati | Identified the ring "Neuguth" {Wiz rC+ SInv}
 28860 | Desolati | Identified the +9 dagger of Feral Defiance {heavy, rElec
                  | rCorr Str+3 Int+7}
 28892 | Desolati | Got Ytocvunt's Anthology of the Missiles
 28895 | Desolati | Identified the ring of Brilliance {Ice Str+5 Dex+3}
 28905 | Desolati | Learned a level 3 spell: Stone Arrow
 29296 | Elf:2    | Reached skill level 15 in Shields
 29345 | Elf:2    | Reached skill level 15 in Fighting
 29435 | Elf:2    | Found a runed translucent gate.
 29436 | Elf:2    | Found a runed translucent gate.
 29436 | Elf:2    | Found a runed translucent gate.
 29487 | Elf:2    | Reached XP level 20. HP: 145/145 MP: 26/26
 29596 | Elf:2    | Paralysed by an air elemental for 1 turns
 29775 | Elf:2    | Reached skill level 17 in Dodging
 30211 | Elf:3    | Entered Level 3 of the Elven Halls
 30434 | Elf:3    | Lost mutation: Your mind is very acute. (Int +8, Str/Dex
                  | -2) [Jiyva's grace]
 30434 | Elf:3    | Lost mutation: You are highly strong-willed. (Will++)
                  | [Jiyva's grace]
 30434 | Elf:3    | Lost mutation: Your body has grown many eyes which may
                  | confuse attackers. (Acc +5) [Jiyva's grace]
 30434 | Elf:3    | Lost mutation: You expend magic power (3 MP) to strengthen
                  | your wands. [Jiyva's grace]
 30434 | Elf:3    | Gained mutation: Your melee attacks may engulf your foes in
                  | ooze. [Jiyva's grace]
 30434 | Elf:3    | Gained mutation: Your pliable body absorbs attacks. (AC +2,
                  | EV +2) [Jiyva's grace]
 30434 | Elf:3    | Gained mutation: Your gelatinous body deflects attacks. (AC
                  | +3, EV +3) [Jiyva's grace]
 30434 | Elf:3    | Gained mutation: You are highly strong-willed. (Will++)
                  | [Jiyva's grace]
 30675 | Elf:3    | HP: 3/142 [Hell Sentinel/damnation[a deep elf demonologist]
                  | (26)]
 30814 | Orc:2    | Bought a scroll of blinking for 82 gold pieces
 30922 | Orc:2    | Bought a scroll of blinking for 97 gold pieces
 30922 | Orc:2    | Bought a scroll of summoning for 123 gold pieces
 30922 | Orc:2    | Bought a scroll of summoning for 123 gold pieces
 31233 | D:4      | Killed Taxman66's ghost
 31622 | Elf:3    | Identified the ring of Sophism {AC+4 Str+5}
 31704 | Elf:3    | Identified the ring "Liuqech" {Wiz rN+}
 31747 | Elf:3    | Identified the +5 short sword "Lifebane" {heavy, rC+}
 31747 | Elf:3    | Identified the ring of Erph {Fire rElec Dex+3}
 31747 | Elf:3    | Identified the +3 robe "Kukhlegg" {Rampage rPois Dex+7}
 31782 | Elf:3    | Identified the +2 chain mail of Buudd {rElec rF+}
 31823 | Elf:3    | Identified the +3 ring mail of Poor Excuses {+Inv}
 31832 | Elf:3    | Identified the +3 scimitar of Exchange {speed, *Noise MP+9
                  | SInv}
 31834 | Elf:3    | Identified the amulet "Tiabelaesa" {Acrobat +Blink rElec
                  | MP+9 Dex+3}
 31963 | Elf:3    | Found the +2 pair of slick slippers {slick, slippery, EV+5}
 31979 | Elf:3    | Got Remot's Performing Successful Wizarding
 32308 | Vaults:1 | Entered Level 1 of the Vaults
 32948 | Vaults:1 | Reached XP level 21. HP: 153/153 MP: 28/28
 33016 | Vaults:1 | Found Ivit's Jewellery Shoppe.
 33138 | Vaults:1 | Lost mutation: One of your tentacles bears a nasty spike.
                  | [Jiyva's grace]
 33138 | Vaults:1 | Lost mutation: Your mind is acute. (Int +4, Str/Dex -1)
                  | [Jiyva's grace]
 33138 | Vaults:1 | Lost mutation: You are almost entirely resistant to further
                  | mutation and mutation removal. [Jiyva's grace]
 33138 | Vaults:1 | Lost mutation: You are somewhat resistant to both further
                  | mutation and mutation removal. [Jiyva's grace]
 33138 | Vaults:1 | Lost mutation: Your gelatinous body deflects attacks. (AC
                  | +3, EV +3) [Jiyva's grace]
 33138 | Vaults:1 | Lost mutation: You passively dampen the noise of your
                  | surroundings. [Jiyva's grace]
 33138 | Vaults:1 | Gained mutation: You are covered in slimy tendrils that may
                  | disarm your opponents. [Jiyva's grace]
 33138 | Vaults:1 | Gained mutation: You expend magic power (3 MP) to
                  | strengthen your wands. [Jiyva's grace]
 33138 | Vaults:1 | Gained mutation: Your mind is acute. (Int +4, Str/Dex -1)
                  | [Jiyva's grace]
 33138 | Vaults:1 | Gained mutation: Your mind is very acute. (Int +8, Str/Dex
                  | -2) [Jiyva's grace]
 33793 | Vaults:2 | Reached skill level 18 in Dodging
 33915 | Vaults:2 | Found Jied's Armour Shop.
 34760 | Vaults:3 | Found a staircase to the Crypt.
 34800 | Vaults:3 | Noticed Donald
 34807 | Vaults:3 | Killed Donald
 35482 | Vaults:3 | Reached XP level 22. HP: 163/163 MP: 29/29
 35603 | Vaults:3 | Lost mutation: One of your tentacles bears a spike.
                  | [Jiyva's grace]
 35603 | Vaults:3 | Lost mutation: You are somewhat resistant to further
                  | mutation. [Jiyva's grace]
 35603 | Vaults:3 | Lost mutation: Your melee attacks may engulf your foes in
                  | ooze. [Jiyva's grace]
 35603 | Vaults:3 | Gained mutation: Your flesh is very cold resistant. (rC++)
                  | [Jiyva's grace]
 35603 | Vaults:3 | Gained mutation: Your flesh is almost immune to the effects
                  | of cold. (rC+++) [Jiyva's grace]
 35603 | Vaults:3 | Gained mutation: Your system is resistant to poisons.
                  | (rPois) [Jiyva's grace]
 35603 | Vaults:3 | Gained mutation: Your spells are a little harder to cast,
                  | but a little more powerful. [Jiyva's grace]
 36101 | Vaults:4 | Reached skill level 19 in Dodging
 36275 | Vaults:4 | Identified the +4 plate armour of the Gate {Contam rC+
                  | Will+ rCorr}
 37432 | Crypt:1  | Entered Level 1 of the Crypt
 37432 | Crypt:1  | Noticed Zenata
 37432 | Crypt:1  | Found a runed translucent gate.
 37432 | Crypt:1  | Found a runed translucent gate.
 37432 | Crypt:1  | Found a runed translucent gate.
 37432 | Crypt:1  | Found an opulent altar of Gozag.
 37436 | Crypt:1  | Noticed Vuzen's ghost (veteran FoFi)
 37449 | Vaults:3 | Killed Zenata
 37695 | Crypt:1  | Lost mutation: You are highly strong-willed. (Will++)
                  | [Jiyva's grace]
 37695 | Crypt:1  | Lost mutation: Your spells are a little harder to cast, but
                  | a little more powerful. [Jiyva's grace]
 37695 | Crypt:1  | Lost mutation: Your pliable body absorbs attacks. (AC +2,
                  | EV +2) [Jiyva's grace]
 37695 | Crypt:1  | Lost mutation: You have a small jelly attached to you that
                  | senses nearby items. [Jiyva's grace]
 37695 | Crypt:1  | Gained mutation: You are robust. (+10% HP) [Jiyva's grace]
 37695 | Crypt:1  | Gained mutation: You are very robust. (+20% HP) [Jiyva's
                  | grace]
 37695 | Crypt:1  | Gained mutation: You are extremely robust. (+30% HP)
                  | [Jiyva's grace]
 37695 | Crypt:1  | Gained mutation: Your spells are a little harder to cast,
                  | but a little more powerful. [Jiyva's grace]
 39557 | Crypt:3  | Entered Level 3 of the Crypt
 39772 | Crypt:3  | Reached XP level 23. HP: 222/222 MP: 30/30
 39875 | Crypt:3  | Found a magical portal.
 39887 | WizLab   | Entered Eringya's Formal Garden
 39991 | WizLab   | Lost mutation: Your flesh is almost immune to the effects
                  | of cold. (rC+++) [Jiyva's grace]
 39991 | WizLab   | Lost mutation: You are strong-willed. (Will+) [Jiyva's
                  | grace]
 39991 | WizLab   | Gained mutation: You are resistant to electric shocks.
                  | (rElec) [Jiyva's grace]
 39991 | WizLab   | Gained mutation: You have a considerably increased
                  | reservoir of magic. (+20% MP) [Jiyva's grace]
 39991 | WizLab   | Gained mutation: You have a greatly increased reservoir of
                  | magic. (+30% MP) [Jiyva's grace]
 39991 | WizLab   | Gained mutation: One of your tentacles bears a spike.
                  | [Jiyva's grace]
 40062 | WizLab   | Found a blossoming altar of Fedhas.
 40070 | WizLab   | Identified the +12 quarterstaff "Giec" {spect, *Slow rPois
                  | Str+10 Int+3}
 40108 | WizLab   | Reached skill level 20 in Dodging
 40179 | WizLab   | Got the Vellum of Shifting Shifting
 40213 | WizLab   | Learned a level 7 spell: Storm Form
 40428 | Crypt:3  | Reached skill level 1 in Air Magic
 40526 | Crypt:3  | Found a staircase to the Tomb.
 40935 | Crypt:3  | Got the Codex of Frostbitten Spelunking
 40938 | Crypt:3  | Got the Elucidation of Reformation
 40942 | Crypt:3  | Noticed a dread lich
 41066 | Crypt:3  | Got the Volume of Abominable Acts
 41906 | Orc:1    | Learned a level 3 spell: Swiftness
 42074 | Depths:1 | Entered Level 1 of the Depths
 42148 | Depths:1 | Reached skill level 1 in Evocations
 42208 | Depths:1 | Found a one-way gate to the infinite horrors of the Abyss.
 42235 | Depths:1 | Reached skill level 5 in Air Magic
 42358 | Depths:1 | Noticed Mara
 42452 | Depths:1 | Noticed Think's illusion
 42456 | Depths:1 | Killed Mara
 42805 | Depths:1 | Lost mutation: You are extremely robust. (+30% HP) [Jiyva's
                  | grace]
 42805 | Depths:1 | Gained mutation: Your melee attacks may engulf your foes in
                  | ooze. [Jiyva's grace]
 42805 | Depths:1 | Gained mutation: You possess an exceptional clarity of
                  | mind. [Jiyva's grace]
 42805 | Depths:1 | Gained mutation: You are somewhat resistant to further
                  | mutation. [Jiyva's grace]
 42805 | Depths:1 | Gained mutation: You are somewhat resistant to both further
                  | mutation and mutation removal. [Jiyva's grace]
 42819 | Depths:1 | Found a bloodstained altar of Trog.
 42851 | Depths:1 | Identified the staff of air "Iskon" {rElec rN+++ Str+5
                  | Int-3}
 42936 | Depths:1 | Identified the +3 leather armour "Pumed" {*Slow +Inv Dex+3}
 42960 | Depths:1 | Noticed a golden dragon
 42968 | Depths:1 | Killed a golden dragon
 43106 | Depths:1 | Found an ornate altar of the Wu Jian Council.
 43168 | Depths:1 | Found a gateway to Hell.
 43233 | Depths:2 | Found the amulet of the Four Winds {rN+ Will+++ Clar}
 43243 | Depths:2 | Reached XP level 24. HP: 216/216 MP: 35/35
 43299 | Depths:2 | Noticed a caustic shrike
 43306 | Depths:2 | Killed a caustic shrike
 43518 | Depths:2 | You fall into a shaft and drop 1 floor!
 43533 | Depths:2 | Found a portal to a secret trove of treasure.
 44181 | Depths:2 | Found a one-way gate leading to the halls of Pandemonium.
 44523 | Depths:3 | Found a glowing golden altar of the Shining One.
 44677 | Depths:3 | Reached skill level 10 in Air Magic
 44709 | Depths:3 | Reached skill level 21 in Dodging
 44782 | Depths:3 | Found a sparkling altar of Nemelex Xobeh.
 44932 | Depths:3 | Identified the +5 morningstar of the Singing Messenger
                  | {holy, Str+2}
 45113 | Depths:3 | Found a shimmering altar of Xom.
 45167 | Depths:3 | Reached XP level 25. HP: 226/226 MP: 35/35
 45167 | Depths:3 | Lost mutation: You have a greatly increased reservoir of
                  | magic. (+30% MP) [Jiyva's grace]
 45167 | Depths:3 | Gained mutation: Your spells are harder to cast, but more
                  | powerful. [Jiyva's grace]
 45167 | Depths:3 | Gained mutation: Your spells are much harder to cast, but
                  | much more powerful. [Jiyva's grace]
 45167 | Depths:3 | Gained mutation: You have a small jelly attached to you
                  | that may absorb projectiles. [Jiyva's grace]
 45167 | Depths:3 | Gained mutation: Your flesh is almost immune to the effects
                  | of cold. (rC+++) [Jiyva's grace]
 45494 | Depths:3 | Found an ornate altar of the Wu Jian Council.
 45573 | Depths:4 | Entered Level 4 of the Depths
 45573 | Depths:4 | Found a one-way gateway to a ziggurat.
 45589 | Depths:4 | Noticed a juggernaut
 45951 | Slime:1  | Entered Level 1 of the Pits of Slime
 46022 | Slime:5  | Entered Level 5 of the Pits of Slime
 46131 | Slime:5  | Noticed the Royal Jelly
 46133 | Slime:5  | Found a viscous altar of Jiyva.
 46134 | Slime:5  | Found the +7 mace of Variability {chaos, chain chaos}
 46139 | Slime:5  | Got Numouf's Arcane Secrets of Spellwork
 46153 | Slime:5  | Identified the staff of earth "Biloun" {Int+3}
 46164 | Slime:5  | Identified the +6 eveningstar of the Mordant God {vamp, Fly
                  | rC+}
 46167 | Slime:5  | Got Milony's Papyrus of Scorched Rot
 46180 | Slime:5  | Got a slimy rune of Zot
 46479 | Depths:4 | Noticed a juggernaut
 46491 | Depths:3 | Killed a juggernaut
 46796 | Depths:4 | Found Dev Rych's Jewellery Shoppe.
 46797 | Depths:4 | Found Ecusasay's Book Shop.
 46798 | Depths:4 | Found Iczosaplue's Jewellery Shoppe.
 46810 | Depths:4 | Bought an Inescapable Atlas for 608 gold pieces
 46821 | Depths:4 | Learned a level 4 spell: Manifold Assault
 46866 | Depths:4 | Reached skill level 1 in Translocations
 46894 | Depths:4 | Killed a juggernaut
 47042 | Depths:4 | Reached skill level 5 in Translocations
 47176 | Depths:4 | Found a gate to the Realm of Zot.
 47575 | Zot:1    | Entered Level 1 of the Realm of Zot
 48100 | Zot:1    | Reached skill level 22 in Dodging
 48806 | Zot:2    | Lost mutation: Your mind is very acute. (Int +8, Str/Dex
                  | -2) [Jiyva's grace]
 48806 | Zot:2    | Lost mutation: You are resistant to electric shocks.
                  | (rElec) [Jiyva's grace]
 48806 | Zot:2    | Lost mutation: Your spells are much harder to cast, but
                  | much more powerful. [Jiyva's grace]
 48806 | Zot:2    | Lost mutation: Your body has grown eyes which may confuse
                  | attackers. (Acc +3) [Jiyva's grace]
 48806 | Zot:2    | Gained mutation: Your pliable body absorbs attacks. (AC +2,
                  | EV +2) [Jiyva's grace]
 48806 | Zot:2    | Gained mutation: Your gelatinous body deflects attacks. (AC
                  | +3, EV +3) [Jiyva's grace]
 48806 | Zot:2    | Gained mutation: You are agile. (Dex +4, Str/Int -1)
                  | [Jiyva's grace]
 48806 | Zot:2    | Gained mutation: You are very agile. (Dex +8, Str/Int -2)
                  | [Jiyva's grace]
 49057 | Zot:2    | Reached XP level 26. HP: 237/237 MP: 31/33
 49863 | Zot:3    | Reached skill level 10 in Translocations
 52696 | Zot:5    | Entered Level 5 of the Realm of Zot
 52769 | Zot:5    | Lost mutation: Your mind is acute. (Int +4, Str/Dex -1)
                  | [Jiyva's grace]
 52769 | Zot:5    | Lost mutation: You are somewhat resistant to both further
                  | mutation and mutation removal. [Jiyva's grace]
 52769 | Zot:5    | Lost mutation: Your spells are harder to cast, but more
                  | powerful. [Jiyva's grace]
 52769 | Zot:5    | Gained mutation: You are resistant to electric shocks.
                  | (rElec) [Jiyva's grace]
 52769 | Zot:5    | Gained mutation: You have a pair of small antennae on your
                  | head. [Jiyva's grace]
 52769 | Zot:5    | Gained mutation: You have a pair of antennae on your head.
                  | [Jiyva's grace]
 52769 | Zot:5    | Gained mutation: You have a pair of large antennae on your
                  | head. (SInv) [Jiyva's grace]
 52896 | Zot:5    | Reached skill level 23 in Dodging
 52945 | Zot:5    | Identified the +5 broad axe "Fufiagaw" {vamp, *Noise Str+3
                  | Dex+4 Stlth+}
 52994 | Zot:5    | Reached XP level 27. HP: 248/248 MP: 18/33
 53255 | Zot:5    | Noticed an orb of fire
 53260 | Zot:5    | Lost mutation: You are very robust. (+20% HP) [an orb of
                  | fire]
 53263 | Zot:5    | Gained mutation: You are vulnerable to heat. (rF-) [an orb
                  | of fire]
 53270 | Zot:5    | Killed an orb of fire
 53312 | Zot:5    | Noticed a dread lich
 53329 | Zot:5    | Killed a dread lich
 53820 | Zot:5    | Noticed an orb of fire
 53837 | Zot:5    | Killed an orb of fire
 53852 | Zot:5    | Noticed an orb of fire
 53867 | Zot:5    | Killed an orb of fire
 53940 | Zot:5    | Noticed an orb of fire
 53942 | Zot:5    | Gained mutation: You occasionally shout uncontrollably at
                  | your foes. [an orb of fire]
 53951 | Zot:5    | Killed an orb of fire
 54043 | Zot:5    | Got the Orb of Zot
 54050 | Zot:5    | Noticed Tuesur the pandemonium lord
 54068 | Zot:5    | Learned a level 2 spell: Blink
 54170 | Zot:1    | Noticed a seraph
 54447 | D:13     | Noticed Aggar the pandemonium lord
 54457 | D:13     | Noticed Xoasecif the pandemonium lord
 54501 | D:11     | Noticed Waziuliwk the pandemonium lord
 54814 | D:1      | Noticed Vuddilet the pandemonium lord
 54814 | D:$      | Escaped with the Orb!

Illustrated notes

Levels and vault maps discovered:
D:1:      arrival_aquarium_a, layout_basic
D:2:      layout_rooms, chequers_ecumenical_altar_lobes, serial_shops, shop,
          minmay_misc_feat_alley
D:3:      layout_basic, uniq_jessica, uniq_grinder
D:4:      nicolae_cairo_tiling_large, layout_loops_ring,
          mainiacjoe_overflow_catwalk, beargit_hepliaklqana_dungeon_heroes,
          ebering_ghost_disaster_area, uniq_crazy_yiuf_cottage
D:5:      layout_loops_ring, amcnicky_altar_gilded,
          gammafunk_temple_overflow_statue, kennysheep_minor_cross
D:6:      layout_basic, kennysheep_slug_shrine, mainiacjoe_overflow_alcove_1,
          minmay_temple_entry_hall, gammafunk_ghost_split, uniq_eustachio,
          uniq_prince_ribbit1
D:7:      layout_loops_corners, nicolae_yredelemnul_corpse_copse,
          grunt_ministairs_7
D:8:      layout_loops_ring
D:9:      layout_roguey, nicolae_dithmenos_the_darkroom
D:10:     layout_gridville, david_orc_5
D:11:     layout_layer_cave, erik_lair_island
D:12:     layout_irregular_city
D:13:     layout_gridville, ximxim_vaults_locker_room, trog_three_pillars_becter
D:14:     layout_layer_cave, uniq_jorgrun
D:15:     gammafunk_depths_entry_grave, layout_gridville,
          nicolae_qazlal_scattered_showers, uniq_azrael, uniq_josephine
Lair:1:   kb_forest_paths, layout_layer_cave, gauntlet_entry_generic,
          dreamdust_gnoll_shepherd
Lair:2:   layout_misc_corridors, basic_altar, st_stairs_5, uniq_maggie
Lair:3:   layout_misc_corridors, minmay_swamp_entry_swarm,
          guppyfry_snake_entry_island, basic_altar, serial_forest,
          infiniplex_forest_clump_tiny, infiniplex_forest_straight_4,
          infiniplex_forest_corner_2, infiniplex_forest_clump_medium,
          infiniplex_forest_end_3, infiniplex_forest_corner_2,
          infiniplex_forest_clump_medium, infiniplex_forest_zigzag_1,
          uniq_rupert
Lair:4:   layout_regular_city, grunt_megastairs_1, serial_bayou_shore_b,
          infiniplex_staircase_pool
Lair:5:   minmay_lair_end_enchanted_forest, layout_loops_ring, slime_entry_1,
          serial_bayou_shore_a
Swamp:1:  layout_basic_swamp, evilmike_swamp_ruin_rubble_1, uniq_frances
Swamp:2:  nicolae_swamp_husk_halls, layout_basic_swamp,
          evilmike_swamp_ruin_house_1, nicolae_swamp_feature_on_the_river_bank,
          infiniplex_staircase_pool_2, uniq_nikola
Swamp:3:  layout_basic_swamp, evilmike_swamp_ruin_house_4, uniq_bai_suzhen
Swamp:4:  swamp_alternative, layout_basic_swamp
Snake:1:  layout_cave_shapes, serial_shops, bzr_firewalk,
          nicolae_lakefront_shop, shop, portal_ice_cave_entry_ice_simulacra,
          nicolae_shop_clearance, uniq_asterion
Snake:2:  layout_chambers
Snake:3:  layout_misc_corridors
Snake:4:  hellmonk_snake_rune_quicksilver_temple, layout_cave_town,
          nicolae_snake_flat_spine, nicolae_shop_sticking_my_neck_out,
          uniq_roxanne, uniq_aizul, uniq_vashnia
Slime:1:  cheibrodos_slime_lost_civilization_3, layout_caves
Slime:2:  layout_caves
Slime:3:  cheibrodos_slime_lost_civilization_10, layout_caves
Slime:4:  layout_caves
Slime:5:  uniq_dissolution
Orc:1:    layout_caves, hellmonk_jugg_or_not, uniq_urug
Orc:2:    grunt_orc_tribal_feast, layout_caves, serial_shops, shop,
          hellmonk_bongcloud_opening, minmay_shop_enchanted_jewellery
Elf:1:    minmay_elf_arrival_plus, layout_geoelf_octagon, basic_altar,
          orc_legates, uniq_kirke
Elf:2:    nicolae_elf_blades_crystal_corner, layout_loops_corners,
          portal_desolation_entry_twin_temple, st_stairs_5
Elf:3:    minmay_elf_hall_not_hex, layout_geoelf_diagonals
Vaults:1: v_pattern_1, ontoclasm_vaults_ring_small, vaults_room_fancy_cross,
          nicolae_vaults_little_squares_3, vaults_dpeg_ring,
          layout_vaults_omnigrid, serial_shops, nicolae_shop_trees
Vaults:2: hangedman_vaults_river_flow, ontoclasm_vaults_claustrophobia,
          v_rooms_1, vaults_dpeg_hooks, ontoclasm_vaults_twist,
          vaults_room_guarded_vault, ontoclasm_vaults_eye,
          nicolae_vaults_diagonal_hallway_7, v_misc_23,
          nicolae_vaults_little_squares_6, hangedman_vaults_cutoff,
          vaults_room_mumra_shop_pool, v_misc_5, nicolae_vaults_specimen_jars,
          grunt_vaults_hallway_long, nicolae_vaults_circle_grid_a,
          hangedman_vaults_trim, layout_vaults_maze_snakey
Vaults:3: vaults_mumra_minichess_inversion, vaults_dpeg_spiral,
          minmay_crypt_entry_simple_plaza, v_rooms_2,
          vaults_dpeg_emergency_exit, vaults_standard_mumra_x,
          grunt_vaults_diagonal, vaults_room_ringed_pool, v_misc_26, v_misc_27,
          vaults_room_fours, layout_vaults_ring, uniq_donald
Vaults:4: nicolae_vaults_circle_grid_a, grunt_vaults_twisty, v_misc_15,
          vaults_room_hallway, vaults_mumra_hex, vaults_room_fancy_cross,
          st_lattice, vaults_room_pools, nicolae_vaults_little_squares_5,
          layout_vaults_omnicross
Crypt:1:  layout_misc_corridors, ebering_ghost_gozag, uniq_zenata
Crypt:2:  layout_basic, serial_co_window_serial, co_window_corner_a,
          co_window_corner_a, co_window_paths_a, co_window_paths_b,
          co_window_cross_1, co_window_of_opportunity_b, co_window_paths_c,
          co_window_of_opportunity_c, co_window_corner_cb,
          co_window_unsneaky_path_d, co_window_broadway_c, co_window_4corner_b,
          co_window_paths_e, glass_columns_c, glass_columns_c, glass_columns_c
Crypt:3:  due_elkab, layout_chaotic_city, tomb_entry_simple_bobbens,
          mu_enter_wizlab_1
Depths:1: minmay_expanding_squares, layout_gridlike, minmay_room_of_horrors,
          pdpol_wu_jian_five_deadly_venoms, pf_hell_entry_great_geh,
          nicolae_concentric_dashed_squares_wild, grunt_ministairs_12,
          corexii_leaking_fountain, evilmike_spriggan_trog_shrine, uniq_mara
Depths:2: evilmike_diamond_2, layout_gridlike, grunt_hell_entry_dis_old,
          serial_sigils_hangedman_carve, pan_entry, enter_trove_2
Depths:3: grunt_profane_halls [grunt_profane_temple_geh,
          grunt_profane_temple_coc, grunt_profane_temple_dis,
          grunt_profane_temple_tar, grunt_profane_loot], serial_shops,
          hell_entry, abyss_entry
Depths:4: evilmike_zot_entry_gauntlet, layout_cave_shapes, enter_ziggurat_d,
          hell_entry, hangedman_decor_points, minmay_shop_grove,
          serial_bayou_shore_b
Zot:1:    lemuel_firehouse, layout_cathedral_of_symmetry,
          lemuel_baited_zot_trap, st_single_dragon_hoard_4
Zot:2:    kennysheep_blocky_hall, layout_concentric_octagons, grunt_megastairs_2
Zot:3:    layout_misc_corridors
Zot:4:    layout_misc_corridors, lemuel_elevator, grunt_megastairs_4
Zot:5:    layout_misc_corridors, grunt_ministairs_11

Skill      XL: |  1  2  3  4  5  6  7  8  9 10 11 12 13 14 15 16 17 18 19 20 21 22 23 24 25 26 27 |
---------------+----------------------------------------------------------------------------------+-----
Dodging        | 4 5 6 7 8 10 11 12 13 14 15 16 17 18 19 20 21 22 23 | 23.8
Long Blades    | 5 8 11 16 17 18 | 18.0
Transmutations | 3 5 8 12 13 14 | 14.0
Fighting       | 4 6 8 9 10 12 13 15 16 17 18 19 20 21 22 | 22.5
Shields        | 4 6 8 9 10 12 14 15 16 17 18 19 20 21 22 | 22.4
Earth Magic    | 1 10 11 13 14 | 14.0
Conjurations   | 4 6 8 |  8.0
Spellcasting   | 3 |  3.0
Air Magic      | 7 10 | 10.0
Evocations     | 1 |  1.0
Translocations | 8 10 | 10.0

Action                     |  1- 3 |  4- 6 |  7- 9 | 10-12 | 13-15 | 16-18 | 19-21 | 22-24 | 25-27 || total
---------------------------+-------+-------+-------+-------+-------+-------+-------+-------+-------++-------
  Melee: Long sword        |    59 |    71 |   173 |   209 |       |       |       |       |       ||   512
         Constrict         |    16 |    13 |    31 |    46 |   149 |   118 |   230 |   191 |   110 ||   904
         Tentacles         |     5 |    12 |    43 |    70 |   250 |   240 |   271 |   483 |   350 ||  1724
         Punch             |     2 |       |     2 |     6 |     9 |    13 |    22 |    25 |    22 ||   101
         Kick              |       |       |    43 |    41 |   298 |   386 |   445 |   495 |   495 ||  2203
         Bite              |       |       |       |    20 |       |    45 |       |       |       ||    65
         Scimitar          |       |       |       |    52 |   904 |   529 |       |     4 |       ||  1489
         Double sword      |       |       |       |       |       |   317 |   844 |  1261 |  1271 ||  3693
  Throw: Throwing net      |       |       |       |       |     2 |       |       |       |       ||     2
         Javelin           |       |       |       |       |     2 |       |     1 |       |       ||     3
   Cast: Beastly Appendage |       |       |       |    25 |    23 |       |       |       |       ||    48
         Sting             |       |       |       |    21 |    39 |     1 |       |       |       ||    61
         Statue Form       |       |       |       |       |     5 |    74 |    76 |    88 |    88 ||   331
         Lee's Rapid Decon |       |       |       |       |       |     9 |    62 |    30 |       ||   101
         Stone Arrow       |       |       |       |       |       |       |     7 |       |       ||     7
         Iron Shot         |       |       |       |       |       |       |    37 |    63 |    12 ||   112
         Swiftness         |       |       |       |       |       |       |       |     2 |    12 ||    14
         Manifold Assault  |       |       |       |       |       |       |       |       |   275 ||   275
         Blink             |       |       |       |       |       |       |       |       |     1 ||     1
 Invoke: Slimify           |       |       |       |       |     4 |       |       |       |       ||     4
         Oozemancy         |       |       |       |       |       |       |       |     4 |     1 ||     5
Ability: End Transformatio |       |       |       |       |     1 |     3 |     3 |     3 |     3 ||    13
  Evoke: Wand              |       |       |       |    31 |    14 |     1 |     2 |       |     1 ||    49
    Use: Potion            |       |     5 |     3 |     6 |     5 |     2 |     3 |       |     5 ||    29
         Scroll            |       |     7 |     1 |    17 |     1 |    14 |     6 |     7 |    14 ||    67
   Stab: Sleeping          |     5 |     7 |     7 |     8 |    11 |    11 |     9 |     3 |     1 ||    62
         Distracted        |     1 |     2 |       |       |     6 |     3 |     3 |     4 |       ||    19
         Invisible         |       |       |       |       |     2 |       |       |       |       ||     2
         Confused          |       |       |       |       |       |    32 |    10 |    14 |     3 ||    59
 Armour: Skin              |     5 |     2 |    15 |    21 |    97 |   394 |   289 |   446 |   273 ||  1542
  Dodge: Dodged            |    54 |    41 |   111 |   176 |   509 |  1067 |   813 |  1375 |  1371 ||  5517
  Block: Buckler           |    17 |    17 |    44 |    49 |   328 |   490 |    98 |       |       ||  1043
         Reflection        |       |       |       |       |       |    17 |       |    41 |       ||    58
         Kite shield       |       |       |       |       |       |       |   720 |  1718 |  1391 ||  3829

Table legend: (Time is in decaauts)
 A = Elapsed time spent in this place.
 B = Non-inter-level travel time spent in this place.
 C = Inter-level travel time spent in this place.
 D = Time resting spent in this place.
 E = Time spent auto-exploring this place.
 F = Levels seen in this place.
 G = Mean time per level.
                   A        B        C        D        E       F      G
               +--------+--------+--------+--------+--------+-----+--------+
         Total |  61680 |  53156 |   8524 |   2524 |  26026 |  57 | 1082.1 |
       Dungeon |  15734 |  12929 |   2805 |    954 |   8239 |  15 | 1048.9 |
          Lair |   5109 |   4374 |    735 |     60 |   3119 |   5 | 1021.8 |
         Swamp |   3045 |   2868 |    177 |    143 |   1407 |   4 |  761.2 |
     Snake Pit |   4287 |   4077 |    210 |    169 |   2159 |   4 | 1071.8 |
    Slime Pits |    305 |    235 |     70 |      0 |    127 |   5 |   61.0 |
  Orcish Mines |   2320 |   1641 |    679 |    136 |    634 |   2 | 1160.0 |
   Elven Halls |   4256 |   3631 |    625 |     50 |   1484 |   3 | 1418.7 |
        Vaults |   6150 |   4971 |   1179 |    176 |   2236 |   4 | 1537.5 |
         Crypt |   4596 |   4125 |    471 |     81 |   1858 |   3 | 1532.0 |
        Depths |   6580 |   5698 |    882 |    245 |   2213 |   4 | 1645.0 |
           Zot |   7191 |   6504 |    687 |    490 |   1982 |   5 | 1438.2 |
        Bazaar |    212 |    212 |      0 |     19 |    112 |   1 |  212.0 |
        Wizlab |    637 |    637 |      0 |      0 |    185 |   1 |  637.0 |
    Desolation |   1251 |   1251 |      0 |      0 |    267 |   1 | 1251.0 |
               +--------+--------+--------+--------+--------+-----+--------+

Top non-repeatable levels by time:
    D:11: 1950 daAuts
Depths:3: 1903 daAuts
 Crypt:3: 1887 daAuts
   Zot:5: 1812 daAuts
 Crypt:2: 1776 daAuts
    D:10: 1687 daAuts
Vaults:1: 1651 daAuts
    D:13: 1634 daAuts
   Zot:1: 1612 daAuts
 Snake:4: 1597 daAuts
   Elf:2: 1592 daAuts
Vaults:2: 1585 daAuts
   Zot:2: 1567 daAuts
Depths:1: 1564 daAuts
Depths:2: 1557 daAuts
